 Dungeon Crawl Stone Soup version 0.20.1-1-g8b1a95d (webtiles) character file.

641 Monsterracer the Grappler (level 7, -6/57 HPs)
             Began as a Ghoul Monk on July 7, 2017.
             Mangled by an ogre
             ... wielding a +0 giant spiked club
              (22 damage)
             ... on level 4 of the Dungeon.
             The game lasted 00:10:50 (4889 turns).

Monsterracer the Grappler (Ghoul Monk)              Turns: 4889, Time: 00:10:50

Health: -6/57      AC:  6    Str: 15    XL:     7   Next: 51%
Magic:  6/6        EV: 10    Int:  5    God:
Gold:   188        SH:  0    Dex: 13    Spells: 6/6 levels left

rFire    . . .     SeeInvis .     - Unarmed
rCold    + . .     Gourm    .   (no shield)
rNeg     + + +     Faith    .   j - +0 scale mail
rPois    ∞         Spirit   .   (no helmet)
rElec    .         Reflect  .   (no cloak)
rCorr    .         Harm     .   (no gloves)
MR       .....                  (no boots)
Stlth    +.........             (no amulet)
Regen    0.0/turn               (no ring)
MPRegen  0.1/turn               (no ring)

@: rotting, hasted, very quick
A: rotting body, claws 1, carnivore 3, cold resistance 1, negative energy
resistance 3, inhibited regeneration, torment resistance, unbreathing
a: no special abilities


You were on level 4 of the Dungeon.
You were not hungry.

You visited 1 branch of the dungeon, and saw 4 of its levels.

You collected 188 gold pieces.

Inventory:

Armour
 j - a +0 scale mail (worn)
Jewellery
 g - an uncursed ring of fire
Scrolls
 a - 6 scrolls of identify {unknown}
 d - a scroll of blinking {unknown}
 e - 2 scrolls of enchant weapon {unknown}
 f - 4 scrolls of enchant armour {unknown}
 i - a scroll of recharging {unknown}
 k - a scroll of amnesia {unknown}
Potions
 l - a potion of haste
Books
 h - a book of Changes

   Spells                             Type                      Level
   a - Beastly Appendage              Transmutation                1
   b - Sticks to Snakes               Transmutation                2
   c - Spider Form                    Transmutation/Poison         3
   d - Ice Form                       Ice/Transmutation            4
   e - Blade Hands                    Transmutation                5
Comestibles
 b - 3 meat rations
 c - 4 chunks of flesh


   Skills:
 - Level 3.2 Fighting
 - Level 2.6 Dodging
 - Level 2.1 Stealth
 + Level 9.3 Unarmed Combat


You had 6 spell levels left.
You didn't know any spells.

Dungeon Overview and Level Annotations

Branches:
Dungeon (4/15)
 Temple: D:4-7

Altars:

Annotations:
D:3 Quirk's ghost, amateur TrFi


Innate Abilities, Weirdness & Mutations

Your body is rotting away.
You thrive on raw meat.
You are immune to poison.
You have sharp fingernails.
You are carnivorous and can eat meat at any time.
Your flesh is cold resistant. (rC+)
You are immune to negative energy. (rN+++)
You do not regenerate when monsters are visible.
You are immune to unholy pain and torment.
You can survive without breathing.


Message History

You claw the ogre!
The ogre is moderately wounded.
You scratch the ogre.
The ogre is moderately wounded.
The ogre barely misses you.
You scratch the ogre.
The ogre is heavily wounded.
You scratch the ogre.
The ogre is severely wounded.
You scratch the ogre but do no damage.
The ogre is severely wounded.
The ogre hits you with a giant spiked club!!
* * * LOW HITPOINT WARNING * * *
Huge Dmg: -31%(-18hp) hp: 29%(16hp)
You barely miss the ogre.
The ogre is severely wounded.
You scratch the ogre.
The ogre is severely wounded.
The ogre hits you with a giant spiked club!!
You die...

#.##.####.##...#.#...##)#........
.......)..............÷..........
#.##.####.##...#.............##..
..........##...#.....#...).......
#.>..................##.#........
.....#######...##..####.#........
.............................###.
.....#######.#.##O.............
................@.....#.........
.[.......###.#.##..##.#.#....####
#..####### #.#.##.....#........
#..### #.#.###.##.###....##
(..#.#######.#.# #.##.# ....#
#............#.# #.##.# ...#
.............#.# #.##.#
##.#.####.#..#.# #.##.# ##.#.#
... ......


You could see an ogre.

Vanquished Creatures
  A phantom (D:3)
  5 wights
  A howler monkey (D:4)
  2 orc priests (D:4)
  An iguana (D:4)
  2 orc wizards (D:4)
  A worker ant (D:4)
  4 gnolls (D:3)
  3 adders (D:2)
  An ooze (D:2)
  An adder skeleton (D:3)
  2 dart slugs
  10 orcs
  2 giant cockroaches
  6 goblins
  7 hobgoblins
  6 jackals
  2 quokkas
  A ball python (D:4)
  2 bats
  4 frilled lizards
  5 kobolds
  6 rats
75 creatures vanquished.

Notes
Turn   | Place    | Note
-------+----------+-------------------------------------------
     0 | D:1      | Monsterracer the Ghoul Monk began the quest for the Orb.
     0 | D:1      | Reached XP level 1. HP: 19/19 MP: 0/0
    36 | D:1      | Reached XP level 2. HP: 17/26 MP: 1/1
   239 | D:1      | Reached skill level 4 in Unarmed Combat
   752 | D:2      | Reached XP level 3. HP: 27/31 MP: 2/2
  1008 | D:2      | Reached skill level 5 in Unarmed Combat
  1088 | D:2      | Reached XP level 4. HP: 30/38 MP: 3/3
  1944 | D:3      | Noticed Quirk's ghost (amateur TrFi)
  2263 | D:3      | Noticed a phantom
  2875 | D:4      | Reached skill level 6 in Unarmed Combat
  2875 | D:4      | Reached XP level 5. HP: 29/45 MP: 4/4
  3401 | D:3      | Killed a phantom
  3401 | D:3      | Reached skill level 7 in Unarmed Combat
  3401 | D:3      | Reached XP level 6. HP: 26/49 MP: 5/5
  4225 | D:4      | Reached skill level 8 in Unarmed Combat
  4245 | D:4      | Reached XP level 7. HP: 36/57 MP: 6/6
  4527 | D:4      | Reached skill level 9 in Unarmed Combat
  4889 | D:4      | Mangled by an ogre

Skill      XL: |  1  2  3  4  5  6  7 |
---------------+----------------------+-----
Unarmed Combat | 4 5 6 7 8 9 |  9.3
Fighting       | |  3.2
Dodging        | |  2.6
Stealth        | |  2.1

Action                   |  1- 3 |  4- 6 |  7- 9 || total
-------------------------+-------+-------+-------++-------
Melee: Unarmed           |    91 |   144 |    68 ||   303
       Punch             |       |     6 |     1 ||     7
  Use: Potion            |     1 |     5 |     2 ||     8
  Eat: Chunk             |     8 |     9 |     2 ||    19
Armor: Robe              |     1 |       |       ||     1
       Ring mail         |    19 |       |       ||    19
       Scale mail        |    10 |    34 |    20 ||    64
Dodge: Dodged            |    43 |    53 |    14 ||   110
